AoeStats
← poopinator

MegaRandom

510189548Analyzed
3v3 RM · 4d ago on Sep 29, 2026· 83m 28s· 6 players
Game mode
Random Map
Map size
Normal (6 player)
Population
200
Speed
Normal
Resources
Standard
Victory
Conquest
Starting age
Dark Age
Ending age
Imperial Age
RankedLock teamsTeams togetherTeam positionsShared explorationLock speedFull tech treeHidden civsTurbo modeCheats
Victory
Defeat
🇧🇷 Poles · Brazil
873
+14
🇺🇸 Danes · United States
850
+15
🇧🇷 Vietnamese · Brazil
819
+16
🇮🇱 Khmer · Israel
892
-17
🇮🇱 Lithuanians · Israel
837
-16
🇮🇱 Magyars · Israel
759
-12
Vitor
7:41 Loom
12:05 Feudal Age
12:40 Horse Collar
12:50 Double-Bit Axe
15:33 Gold Mining
19:11 Castle Age
20:21 Medium Warships
22:54 Bow Saw
24:55 Fletching
24:30 Elite Skirmisher
31:40 Padded Archer Armor
32:56 Heated Shot
32:50 Treadmill Crane
34:36 Masonry
37:02 Imperial Age
36:47 Ballistics
36:24 Bodkin Arrow
41:14 Heavy Plow
42:18 Two-Man Saw
41:16 Stone Mining
41:30 Elite Rattan Archer
42:18 Bracer
42:23 Murder Holes
46:36 Leather Archer Armor
46:32 Forging
46:23 Scale Mail Armor
47:01 Wheelbarrow
46:14 Town Watch
47:02 Crop Rotation
47:13 Stone Shaft Mining
47:33 Pikeman
48:16 Squires
48:59 Hand Cart
48:49 Town Patrol
49:13 Paper Money
49:31 Hoardings
49:36 Iron Casting
49:18 Chain Mail Armor
50:23 Ring Archer Armor
49:19 Halberdier
57:23 Plate Mail Armor
67:49 Elite Fire Lancer
68:18 Arson
74:17 Imperial Skirmisher
Farraway
8:30 Loom
12:36 Feudal Age
13:24 Double-Bit Axe
16:47 Wheelbarrow
20:32 Castle Age
20:33 Horse Collar
20:44 Gold Mining
20:46 Stone Mining
25:00 Bow Saw
28:50 Heavy Plow
28:38 Town Watch
29:35 Fishing Lines
32:53 Town Patrol
33:49 Gambesons
34:05 Squires
33:51 Arson
35:24 Scale Mail Armor
35:35 Forging
37:19 Chain Mail Armor
37:37 Ballistics
38:13 Fletching
38:59 Iron Casting
42:17 Imperial Age
43:14 Bodkin Arrow
44:33 Bracer
44:10 Northmen's Fury
45:56 Onager
55:34 Plate Mail Armor
56:05 Blast Furnace
54:29 Elite Jomsviking
56:24 Hand Cart
57:48 Siege Onager
73:48 Conscription
74:24 Hamask
75:40 Hoardings
76:09 Chemistry
75:15 Siege Engineers
emersomcivil
11:19 Loom
13:08 Feudal Age
14:45 Horse Collar
15:48 Loom
18:17 Castle Age
19:46 Double-Bit Axe
21:23 Heavy Plow
23:41 Gold Mining
24:57 Bow Saw
25:12 Stone Mining
31:13 Scale Barding Armor
31:19 Forging
31:13 Husbandry
31:24 Bloodlines
30:36 Light Cavalry
30:44 Light Cavalry
32:19 Wheelbarrow
34:43 Imperial Age
32:50 Szlachta Privileges
35:32 Wheelbarrow
35:23 Winged Hussar
35:27 Cavalier
36:32 Conscription
36:40 Lechitic Legacy
37:59 Hand Cart
38:12 Chain Barding Armor
38:28 Iron Casting
43:58 Hoardings
64:05 Caravan
64:37 Coinage
Hello
11:48 Feudal Age
12:19 Double-Bit Axe
12:17 Horse Collar
18:52 Castle Age
21:25 Wheelbarrow
21:34 Bow Saw
22:41 Hand Cart
22:49 Hand Cart
27:16 Heavy Plow
27:07 Loom
28:57 Scale Barding Armor
29:02 Forging
29:03 Gold Mining
29:04 Stone Mining
30:01 Town Watch
31:58 Stone Shaft Mining
32:33 Elite Skirmisher
33:29 Bloodlines
33:20 Husbandry
36:44 Imperial Age
34:18 Town Patrol
36:40 Chain Barding Armor
36:56 Iron Casting
37:30 Elite Leitis
38:32 Conscription
42:17 Plate Barding Armor
41:33 Fletching
43:23 Ballistics
44:03 Chemistry
54:36 Bodkin Arrow
58:54 Bracer
76:33 Bombard Tower
poopinator
11:12 Feudal Age
12:40 Wheelbarrow
13:48 Double-Bit Axe
18:58 Horse Collar
21:26 Forging
23:30 Scale Mail Armor
26:46 Castle Age
24:45 Gold Mining
27:47 Hand Cart
27:59 Chain Mail Armor
28:20 Iron Casting
28:31 Medium Warships
28:44 Heavy Plow
30:02 Husbandry
30:13 Bloodlines
30:13 Scale Barding Armor
32:21 Stone Mining
33:07 Gold Shaft Mining
33:19 Bow Saw
40:48 Imperial Age
39:29 Fletching
39:40 Padded Archer Armor
40:01 Chain Barding Armor
43:06 Conscription
43:15 Heavy Scorpion
46:05 Bodkin Arrow
47:12 Blast Furnace
46:48 Plate Barding Armor
49:33 Bracer
51:30 Double Crossbow
< blank >
9:47 Feudal Age
10:13 Double-Bit Axe
10:23 Horse Collar
11:46 Wheelbarrow
24:49 Stone Mining
24:50 Gold Mining
25:09 Scale Barding Armor
29:22 Castle Age
28:05 Scale Barding Armor
30:21 Bow Saw
30:12 Heavy Plow
33:01 Corvinian Army
33:19 Hand Cart
33:33 Chain Barding Armor
35:46 Gold Shaft Mining
45:04 Imperial Age
45:12 Elite Magyar Huszar
46:13 Conscription
45:58 Husbandry
46:08 Bloodlines
46:37 Plate Barding Armor
Connection lost

Rejoining the realm…

Still unreachable

The connection could not be restored.

Session expired

The server has moved on; the page needs a fresh start.